 Dungeon Crawl Stone Soup version 0.30.0-20-g3615ddf2f0 (webtiles) character file.

Game seed: 8741581584678214429

2368 qw the Cleaver (level 9, -1/55 HPs)
             Began as a Gargoyle Fighter on May 27, 2023.
             Was a Believer of Okawaru.
             Collided with a rock wall (2 damage)
             ... caused by a wretched star
             ... on level 2 of the Abyss.
             The game lasted 00:03:03 (6387 turns).

qw the Cleaver (Gargoyle Fighter)                   Turns: 6387, Time: 00:03:03

Health: -1/55      AC: 29    Str: 20 (23) XL:     9   Next: 44%
Magic:  10/12      EV: 23    Int:  8 (10) God:    Okawaru [**....]
Gold:   411        SH:  5    Dex:  9      Spells: 8/8 levels left

rFire   . . .        Y - +0 war axe
rCold   + . .        c - +0 buckler
rNeg    + . .        p - +0 plate armour
rPois   inf          g - +0 helmet
rElec   +            (no cloak)
rCorr   .            k - +1 pair of gloves
SInv    .            (no boots)
Will    +....        i - amulet of the acrobat Stlth
                     n - ring of protection from cold
HPRegen 0.29/turn    j - +4 ring of protection
MPRegen 0.13/turn

%: acrobat
@: heroic, acrobatic, flying, unable to read
A: sickness immunity, AC +6, negative energy resistance 1, electricity
resistance, torment resistance 1, petrification resistance, big wings,
strong-willed 1, [deterioration 2], [screaming 2], [inability to read after
injury 2]
a: Renounce Religion, Heroism


You were on level 2 of the Abyss.
You worshipped Okawaru.
Okawaru was pleased with you.
You visited 1 branch of the dungeon, and saw 7 of its levels.
You visited the Abyss 1 time.

You collected 411 gold pieces.


Innate Abilities, Weirdness & Mutations

You are immune to sickness and miasma.
Your stone body is resilient. (AC +6)
You are immune to poison.
You resist negative energy. (rN+)
You are resistant to electric shocks. (rElec)
You are resistant to unholy torment.
You are immune to petrification.
Your large and strong wings let you fly.
You are strong-willed. (Will+)
[Your body often deteriorates upon taking damage.]
[You frequently scream uncontrollably at your foes.]
[You sometimes lose the ability to read scrolls when taking damage.]


   Skills:
 - Level 6.1(11.1) Fighting
 + Level 8.7(13.7) Axes
 - Level 1.0(6.0) Throwing
 - Level 6.0(11.0) Armour
 - Level 1.4(6.4) Dodging
 - Level 3.2(8.2) Shields
 - Level 4.2 Invocations


You had 8 spell levels left.
You didn't know any spells.
Your spell library was empty.

Inventory:

Hand Weapons
 r - a +0 heavy flail
 Y - a +0 war axe (weapon)
Missiles
 h - a boomerang (quivered)
Armour
 c - a +0 buckler (worn)
 g - a +0 helmet (worn)
 k - a +1 pair of gloves (worn)
 p - a +0 plate armour (worn)
Jewellery
 i - an amulet of the acrobat (around neck)
 j - a +4 ring of protection (right hand)
 l - a ring of see invisible
 m - a ring of ice
 n - a ring of protection from cold (left hand)
Scrolls
 a - 3 scrolls of teleportation
 s - a scroll of identify
Potions
 b - a potion of lignification
 d - a potion of might
 e - 5 potions of curing
 f - 2 potions of flight {unknown}
 o - a potion of mutation
 q - a potion of resistance {unknown}

Dungeon Overview and Level Annotations

Branches:
Dungeon (7/15)             Temple (0/1) D:6

Altars:
Ashenzari
Dithmenos
Elyvilon
Fedhas
Gozag
Hepliaklqana
Nemelex Xobeh
Okawaru
Ru
Sif Muna
Trog
Uskayaw
Vehumet
Yredelemnul
Zin

Shops:
D:2 :   D:4 (

Annotations:
D:5 2 transporters


Message History

Enter note: You closely miss the gnoll sergeant.
You hit the gnoll but do no damage.
The gnoll hits you but does no damage. x2
The gnoll sergeant hits you with a +2 trident of distortion!
You are cast into the Abyss!
This branch contains the abyssal rune of Zot.
Found a corrupted altar of Lugonu.
Waypoint 7 assigned to Abyss:2.
You start resting.
A wretched star assembles itself!
The wretched star pulses with an eldritch light!
You feel the urge to shout.
You feel a strong urge to scream.
You hit the wretched star.
The wretched star is lightly damaged.
The wretched star glows turbulently.
The lance of force hits you!
You are knocked back by the lance of force.
You slam into the rock wall!
6382 ||| INVOKING Heroism.
You gain the combat prowess of a mighty hero.
The wretched star pulses with an eldritch light!
You occasionally lose the ability to read scrolls when taking damage.
You lose the ability to read scrolls when taking damage more often.
You feel yourself wasting away.
You feel your body start to fall apart.
You hit the wretched star but do no damage.
The wretched star is lightly damaged.
You hit the wretched star but do no damage.
The wretched star is lightly damaged.
The wretched star glows turbulently.
The lance of force hits you!!
You feel threatened and lose the ability to read scrolls!
Your body deteriorates!
You feel dopey.
You are knocked back by the lance of force.
You slam into the rock wall!
The wretched star glows turbulently.
The lance of force hits you!
Your body deteriorates!
You feel dopey.
You are knocked back by the lance of force.
You slam into the rock wall!
You die...

..##..#........
#....#...... .
#........#..#
#..........#
###......#
#_....*..##
#.##.......##
#.........#
#@.....#....
#......##..#
....#.## # ..
##....... .#.
.......#.
.........#.
..#..#.... ..
......#


You could see a wretched star.

Vanquished Creatures
  Maggie (D:5)
  A hornet (D:7)
  A water moccasin (D:7)
  A sky beast (D:6)
  An orc warrior (D:6)
  An ice beast (D:6)
  A black bear (D:6)
  A centaur (D:7)
  2 kobold brigands
  3 scorpions
  6 killer bees (D:7)
  2 howler monkeys (D:6)
  A jelly (D:4)
  7 hounds
  A gnoll bouda (D:6)
  An orc priest (D:5)
  An iguana (D:5)
  Terence (D:3)
  An orc wizard (D:6)
  3 sleepcaps
  8 adders
  5 gnolls (D:6)
  2 white imps
  A worm (D:2)
  6 dart slugs
  9 orcs
  8 endoplasms
  A giant cockroach (D:3)
  7 goblins
  7 hobgoblins
  5 jackals
  3 quokkas
  8 ball pythons
  7 bats
  A frilled lizard (D:2)
  15 kobolds
  3 rats
133 creatures vanquished.

Vanquished Creatures (others)
  A gnoll (D:7)
1 creature vanquished.

Grand Total: 134 creatures vanquished

Notes
Turn   | Place    | Note
-------+----------+-------------------------------------------
     0 | D:1      | qw the Gargoyle Fighter began the quest for the Orb.
     0 | D:1      | Reached XP level 1. HP: 14/14 MP: 1/1
     0 | D:1      | 0 ||| qw: Version: 0.2-a-99-gce666ed
     0 | D:1      | 0 ||| qw: Game counter: 174
     0 | D:1      | 0 ||| qw: Always use a shield: true
     0 | D:1      | 0 ||| qw: God list: Okawaru
     0 | D:1      | 0 ||| qw: Allow faded altars: false
     0 | D:1      | 0 ||| qw: Do Orc after D:15 true
     0 | D:1      | 0 ||| qw: Do second Lair branch before Depths: true
     0 | D:1      | 0 ||| qw: Lair rune preference: random
     0 | D:1      | 0 ||| qw: Plans: Normal, Zot:1-4, God:TSO, Crypt, Tomb,
                  | Pan, Slime:5, Hells, Abyss, Win
     0 | D:1      | 0 ||| PLANNING D:1-11
   133 | D:1      | Reached skill level 2 in Axes
   173 | D:1      | HP: 3/14 [jackal (1)]
   228 | D:1      | Reached XP level 2. HP: 19/19 MP: 2/2
   631 | D:1      | Reached skill level 3 in Axes
   739 | D:1      | Reached XP level 3. HP: 23/23 MP: 3/3
   827 | D:1      | 827 ||| DROPPING ring of wizardry.
   828 | D:1      | 828 ||| DROPPING +6 ring of intelligence.
   829 | D:1      | 829 ||| READING 5 scrolls labelled TOUZOUTOYG.
   834 | D:1      | 834 ||| DRINKING 2 golden potions.
   835 | D:1      | 835 ||| DROPPING potion of invisibility.
   848 | D:2      | 848 ||| Stepping ~*~*~tactically~*~*~ (stealth).
  1049 | D:2      | Found Ibraoh's Book Boutique.
  1098 | D:2      | 1098 ||| Stepping ~*~*~tactically~*~*~ (stealth).
  1099 | D:2      | 1099 ||| Stepping ~*~*~tactically~*~*~ (stealth).
  1107 | D:2      | 1107 ||| Stepping ~*~*~tactically~*~*~ (stealth).
  1108 | D:2      | 1108 ||| Stepping ~*~*~tactically~*~*~ (stealth).
  1109 | D:2      | 1109 ||| Stepping ~*~*~tactically~*~*~ (stealth).
  1338 | D:2      | Reached XP level 4. HP: 22/28 MP: 4/4
  1371 | D:2      | Found a faded altar of an unknown god.
  1393 | D:2      | 1393 ||| UPGRADING to +0 helmet.
  1398 | D:2      | 1398 ||| UPGRADING to +0 chain mail.
  1408 | D:2      | 1408 ||| DROPPING +0 scale mail.
  1409 | D:2      | 1409 ||| READING scroll labelled IWEECV YDETU.
  1410 | D:2      | 1410 ||| DRINKING 2 clear potions.
  1494 | D:3      | Found an iron altar of Okawaru.
  1495 | D:3      | 1495 ||| PLANNING OKAWARU WORSHIP
  1505 | D:3      | Became a worshipper of Warmaster Okawaru
  1505 | D:3      | 1505 ||| PLANNING D:1-11
  1511 | D:3      | 1511 ||| DROPPING +0 club.
  1521 | D:3      | Found a sparkling altar of Nemelex Xobeh.
  1521 | D:3      | Found a radiant altar of Vehumet.
  1548 | D:3      | Reached skill level 4 in Axes
  1803 | D:3      | Noticed Terence
  1814 | D:3      | Killed Terence
  1917 | D:3      | 1917 ||| DROPPING +0 mace.
  1919 | D:3      | Found a bloodstained altar of Trog.
  1921 | D:3      | Found a hazy altar of Hepliaklqana.
  1921 | D:3      | Found a sacrificial altar of Ru.
  1921 | D:3      | Found a basalt altar of Yredelemnul.
  1921 | D:3      | Found an opulent altar of Gozag.
  1922 | D:3      | Found a broken altar of Ashenzari.
  1922 | D:3      | Found a shimmering blue altar of Sif Muna.
  1923 | D:3      | Found a blossoming altar of Fedhas.
  1924 | D:3      | Found a hide-covered altar of Uskayaw.
  1925 | D:3      | Found a shadowy altar of Dithmenos.
  1926 | D:3      | Found a glowing silver altar of Zin.
  2021 | D:3      | 2021 ||| UPGRADING to amulet of the acrobat.
  2026 | D:3      | 2026 ||| READING scroll labelled KYEWEORIEB.
  2027 | D:3      | 2027 ||| READING scroll labelled WUITZANEYS.
  2094 | D:4      | Found a white marble altar of Elyvilon.
  2119 | D:4      | 2119 ||| Stepping ~*~*~tactically~*~*~ (stealth).
  2167 | D:4      | 2167 ||| Stepping ~*~*~tactically~*~*~ (hiding).
  2168 | D:4      | 2168 ||| Stepping ~*~*~tactically~*~*~ (hiding).
  2197 | D:4      | Noticed a scorpion
  2198 | D:4      | 2198 ||| Stepping ~*~*~tactically~*~*~ (stealth).
  2215 | D:4      | Killed a scorpion
  2216 | D:4      | Reached skill level 5 in Axes
  2216 | D:4      | Reached XP level 5. HP: 28/32 MP: 5/5
  2388 | D:4      | Found Gita's Weapon Shop.
  2943 | D:4      | 2943 ||| Stepping ~*~*~tactically~*~*~ (hiding).
  2947 | D:4      | 2947 ||| Stepping ~*~*~tactically~*~*~ (hiding).
  3434 | D:4      | 3434 ||| UPGRADING to +0 pair of gloves.
  3439 | D:4      | 3439 ||| UPGRADING to +0 plate armour.
  3449 | D:4      | 3449 ||| DROPPING +0 chain mail.
  3450 | D:4      | 3450 ||| UPGRADING to ring of protection from cold.
  3451 | D:4      | 3451 ||| READING 2 scrolls labelled YTINGO OXIYKLI.
  3452 | D:4      | 3452 ||| READING scroll labelled NUDOBB OCHALLO.
  3453 | D:4      | 3453 ||| DROPPING scroll of fog.
  3479 | D:5      | Entered Level 5 of the Dungeon
  3580 | D:5      | Reached XP level 6. HP: 38/38 MP: 6/6
  3628 | D:5      | 3628 ||| Stepping ~*~*~tactically~*~*~ (stealth).
  3692 | D:5      | Found a transporter.
  3697 | D:5      | 3697 ||| READING scroll labelled FITUGUIDIA.
  3700 | D:5      | 3700 ||| FLEEEEING.
  3701 | D:5      | 3701 ||| FLEEEEING.
  3702 | D:5      | 3702 ||| FLEEEEING.
  3711 | D:5      | 3711 ||| FLEEEEING.
  3712 | D:5      | 3712 ||| FLEEEEING.
  3752 | D:5      | Reached * piety under Okawaru
  3767 | D:5      | 3767 ||| FLEEEEING.
  3768 | D:5      | 3768 ||| FLEEEEING.
  3769 | D:5      | 3769 ||| FLEEEEING.
  3770 | D:5      | 3770 ||| FLEEEEING.
  3822 | D:5      | 3822 ||| READING scroll of enchant armour.
  3822 | D:5      | 3822 ||| ENCHANTING +0 pair of gloves.
  3837 | D:5      | Reached skill level 1 in Invocations
  3906 | D:5      | Reached skill level 6 in Axes
  4025 | D:5      | 4025 ||| INVOKING Heroism.
  4027 | D:5      | Reached XP level 7. HP: 23/43 MP: 5/8
  4198 | D:5      | 4198 ||| Stepping ~*~*~tactically~*~*~ (stealth).
  4254 | D:5      | Found a transporter.
  4491 | D:5      | 4491 ||| READING scroll labelled BOTIPPU SUIMER.
  4492 | D:5      | 4492 ||| DRINKING 2 lumpy sapphire potions.
  4535 | D:5      | 4535 ||| DRINKING 2 cyan potions.
  4535 | D:5      | Gained mutation: You are strong-willed. (Will+) [potion of
                  | mutation]
  4535 | D:5      | Gained mutation: Your large and strong wings let you fly.
                  | [potion of mutation]
  4578 | D:6      | Noticed Maggie
  4583 | D:6      | 4583 ||| STAIRDANCE
  4585 | D:5      | 4585 ||| INVOKING Heroism.
  4602 | D:5      | HP: 10/43 [Maggie/+0 glaive (2)]
  4603 | D:5      | 4603 ||| READING 5 scrolls of teleportation.
  4604 | D:5      | Killed Maggie
  4605 | D:5      | Reached skill level 6 in Armour
  4804 | D:6      | 4804 ||| INVOKING Heroism.
  4821 | D:6      | Reached XP level 8. HP: 44/48 MP: 7/10
  4821 | D:6      | 4821 ||| INVOKING Heroism.
  4824 | D:6      | Reached skill level 3 in Invocations
  4831 | D:6      | Reached ** piety under Okawaru
  4840 | D:6      | 4840 ||| FLEEEEING.
  4841 | D:6      | 4841 ||| FLEEEEING.
  4842 | D:6      | 4842 ||| FLEEEEING.
  4843 | D:6      | 4843 ||| FLEEEEING.
  4846 | D:6      | 4846 ||| FLEEEEING.
  4847 | D:6      | 4847 ||| FLEEEEING.
  4928 | D:6      | 4928 ||| INVOKING Heroism.
  4931 | D:6      | Reached skill level 7 in Axes
  5055 | D:6      | 5055 ||| Stepping ~*~*~tactically~*~*~ (stealth).
  5062 | D:6      | 5062 ||| Stepping ~*~*~tactically~*~*~ (stealth).
  5069 | D:6      | 5069 ||| INVOKING Heroism.
  5088 | D:6      | 5088 ||| DROPPING +0 flail.
  5095 | D:6      | 5095 ||| INVOKING Heroism.
  5100 | D:6      | Reached skill level 1 in Dodging
  5133 | D:6      | 5133 ||| INVOKING Heroism.
  5144 | D:6      | Reached skill level 1 in Throwing
  5181 | D:6      | 5181 ||| Stepping ~*~*~tactically~*~*~ (stealth).
  5210 | D:6      | Found a staircase to the Ecumenical Temple.
  5277 | D:6      | 5277 ||| Stepping ~*~*~tactically~*~*~ (stealth).
  5442 | D:6      | 5442 ||| UPGRADING to +4 ring of protection.
  5443 | D:6      | 5443 ||| READING scroll labelled HOIQ IKHLUSIGU.
  5444 | D:6      | 5444 ||| DRINKING 2 coppery potions.
  5445 | D:6      | 5445 ||| DROPPING potion of degeneration.
  5482 | D:7      | Noticed a hornet
  5491 | D:7      | 5491 ||| INVOKING Heroism.
  5497 | D:7      | Killed a hornet
  5498 | D:7      | Reached skill level 8 in Axes
  5498 | D:7      | Reached XP level 9. HP: 23/54 MP: 9/12
  5727 | D:7      | 5727 ||| INVOKING Heroism.
  5729 | D:7      | HP: 12/55 [gnoll sergeant/+2 trident of distortion (11)]
  5730 | D:7      | 5730 ||| READING 4 scrolls of teleportation.
  5732 | D:7      | 5732 ||| Stepping ~*~*~tactically~*~*~ (hiding).
  5987 | D:7      | 5987 ||| Stepping ~*~*~tactically~*~*~ (hiding).
  6006 | D:7      | Reached skill level 6 in Fighting
  6010 | D:7      | 6010 ||| INVOKING Heroism.
  6102 | D:7      | 6102 ||| FLEEEEING.
  6103 | D:7      | 6103 ||| FLEEEEING.
  6354 | Abyss:2  | Found a corrupted altar of Lugonu.
  6354 | Abyss:2  | Cast into level 2 of the Abyss (gnoll sergeant)
  6378 | Abyss:2  | Noticed a wretched star
  6382 | Abyss:2  | 6382 ||| INVOKING Heroism.
  6387 | Abyss:2  | HP: 1/55 [wretched star/lance of force (16)]
  6387 | Abyss:2  | Collided with a rock wall

Levels and vault maps discovered:
D:1:      dpeg_arrival_pits, layout_loops_ring
D:2:      layout_basic, serial_shops, shop, ebering_ecumenical_altar_box,
          hex_intersection
D:3:      layout_basic, okawaru_ov_weapons_minmay, minitemple, uniq_terence
D:4:      layout_layer_cave, elyvilon_altar_3, serial_shops,
          nicolae_shop_crystal, kennysheep_nondescript
D:5:      gammafunk_steamed_eel, layout_basic, roderic_batcave
D:6:      layout_cave_pools, minmay_temple_entry_crystal_x, uniq_maggie
D:7:      layout_basic
Abyss:2:  base: Temple, spicy_abyss_pitcher_plant

Skill      XL: |  1  2  3  4  5  6  7  8  9 |
---------------+----------------------------+-----
Axes           | 2 3 5 6 8 |  8.7
Fighting       | 4 5 6 |  6.1
Invocations    | 1 2 4 |  4.2
Armour         | 6 |  6.0
Dodging        | 1 |  1.4
Throwing       | 1 |  1.0
Shields        | |  3.2

Action                     |  1- 3 |  4- 6 |  7- 9 || total
---------------------------+-------+-------+-------++-------
  Melee: War axe           |   122 |   143 |   239 ||   504
  Throw: Boomerang         |       |     3 |    34 ||    37
 Invoke: Heroism           |       |     1 |    11 ||    12
    Use: Scroll            |     1 |     7 |     4 ||    12
         Potion            |     1 |     1 |     3 ||     5
   Stab: Invisible         |     1 |       |       ||     1
 Armour: Scale mail        |    72 |       |       ||    72
         Chain mail        |       |    32 |       ||    32
         Plate armour      |       |    55 |   242 ||   297
  Dodge: Dodged            |    53 |    41 |   104 ||   198
  Block: Buckler           |    22 |    17 |    66 ||   105

Table legend:
 A = Non-vault XP
 B = Vault XP
 C = Vault XP percentage of total XP
 D = Non-vault monster count
 E = Vault monster count
 F = Vault count percentage of total count
                 A         B        C        D         E       F
            +---------+---------+-------+---------+---------+-------
      Total |    2955 |     429 |  12.7 |     127 |       7 |   5.2
            +---------+---------+-------+---------+---------+-------
        D:1 |      35 |       0 |   0.0 |      18 |       0 |   0.0
        D:2 |      56 |       0 |   0.0 |      17 |       0 |   0.0
        D:3 |      16 |      36 |  69.2 |      10 |       1 |   9.1
        D:4 |     175 |       0 |   0.0 |      15 |       0 |   0.0
        D:5 |     397 |     393 |  49.7 |      17 |       6 |  26.1
        D:6 |    1191 |       0 |   0.0 |      30 |       0 |   0.0
        D:7 |    1085 |       0 |   0.0 |      20 |       0 |   0.0
            +---------+---------+-------+---------+---------+-------
